Description

This is a proxy 2-rax into macro build order for TvZ, This build is really strong with the first timing then you can play a Marine/tank playstyle.

Notes :

  • The game will not end on the proxy most of the time, take this in consideration and don't forget your gas
  • The proxy must be on the third
  • Use your rax to scout the zerg base
  • Do a second wall if you see an all-in from the zerg (for example bbust)
  • When you play Marine/tank : try to bait zerglings and banelings into the range of tank to one shot them

VOD

https://youtu.be/oqQ0vS7rVds

Replay - DaDumbDude v EzRace - Automaton LE

Build Order

Get SALT Encoding   

  12  0:01  SCV  
  13  0:13  SCV  
  14  0:19  Supply Depot  
  14  0:43  Barracks  
  14  0:49  SCV  
  15  0:55  Barracks  
  15  1:01  SCV  
  16  1:04  Refinery  
  16  1:13  SCV  
  17  1:25  SCV  
  18  1:30  Marine  
  19  1:40  Orbital Command, Bunker  
  19  1:42  Marine  
  20  1:49  Marine  
  21  2:00  Marine  
  21  2:06  Supply Depot  
  21  2:07  Marine  
  21  2:08  SCV  
  22  2:20  SCV  
  23  2:27  Marine, Factory  
  24  2:32  SCV  
  24  2:40  Marine  
  26  2:44  SCV  
  26  2:47  Marine  
  26  2:49  Refinery  
  21  3:15  Factory Reactor  
  21  3:17  Starport  
  23  3:35  Command Center  
  23  3:47  Supply Depot  
  23  3:52  Hellion x2  
  27  3:59  Starport Tech Lab  
  27  4:11  Engineering Bay  
  27  4:15  Hellion  
  27  4:16  Supply Depot  
  29  4:21  Hellion  
  31  4:26  Cloaking Field  
  31  4:37  Banshee  
  34  4:45  Hellion  
  36  4:51  Orbital Command  
  37  5:02  Barracks Tech Lab  
  37  5:04  Hellion  
  40  5:15  Hellion  
  40  5:20  Banshee  
  45  5:23  Marine  
  45  5:26  Orbital Command  
  46  5:30  Supply Depot  
  47  5:37  Hellion  
  50  5:50  Stimpack  
  53  6:22  Command Center  
  55  6:38  Marine  
  55  6:39  Starport Reactor, Factory Reactor  
  57  6:44  Barracks x2  
  57  6:57  Engineering Bay x2  
  60  7:12  Terran Infantry Weapons Level 1  
  60  7:14  Refinery  
  70  7:37  Siege Tank  
  70  7:38  Terran Infantry Armor Level 1  
  71  7:50  Orbital Command  
  73  7:55  Combat Shield  
  77  8:02  Medivac x2  
  84  8:15  Siege Tank  
  84  8:19  Orbital Command  
  90  8:28  Armory  
  92  8:37  Medivac  
  96  8:48  Refinery  
  103  9:06  Siege Tank  
  111  9:17  Terran Infantry Weapons Level 2  
  117  9:40  Barracks x2  
  117  9:41  Medivac x2  
  124  9:52  Siege Tank  
Spawning Tool Build Advisor. Get it on Overwolf

Go to:

Details

  • Created by: zuka      
  • Published on: Feb 13, 2019
  • Modified on: Feb 13, 2019
  • Patch: 4.7.1
Show
View Real Time Build Order
Export as new Build Order

Comments (0)

There are no comments. Be the first!

Create an account to comment!